Map: Nightshade LE

Players

prospeKt - Winner!

  • Race: Zerg Zerg
  • League: Platinum
  • Spawn Location: 5:00

VOD

Have the link to the VOD?

Description

Time

  • Played on: May 26, 2020, 4:31 a.m.
  • Length: 15:39
Show
View Real Time Build Order
Export as new Build Order

prospeKt Zerg - Winner!

Build Orders:  

Get SALT Encoding   

  12  0:01  Drone  
  13  0:18  Overlord  
  13  0:24  Drone  
  14  0:43  Drone  
  14  0:44  Drone  
  16  0:50  Drone  
  17  1:14  Hatchery  
  17  1:19  Drone  
  17  1:23  Drone  
  18  1:44  Spawning Pool  
  18  1:46  Drone  
  18  1:50  Drone  
  19  2:03  Drone  
  19  2:08  Extractor  
  19  2:19  Drone  
  20  2:42  Drone  
  21  2:54  Queen  
  21  2:55  Queen  
  21  2:56  Drone  
  21  2:57  Drone  
  27  3:06  Overlord  
  27  3:10  Drone  
  28  3:32  Drone  
  28  3:33  Drone  
  28  3:38  Drone  
  31  3:46  Roach Warren  
  31  3:48  Evolution Chamber  
  31  3:49  Drone x2  
  31  3:57  Drone  
  32  4:04  Extractor  
  32  4:06  Drone  
  32  4:12  Drone  
  32  4:19  Overlord  
  33  4:25  Drone  
  34  4:36  Drone  
  35  4:41  Drone  
  35  4:49  Drone x2, Roach  
  40  4:50  Roach x2  
  40  4:56  Overlord  
  44  5:04  Drone, Extractor  
  44  5:08  Extractor  
  44  5:09  Drone  
  44  5:21  Drone x2  
  44  5:22  Drone x2  
  48  5:31  Overlord  
  48  5:32  Overlord  
  48  5:34  Roach x2  
  52  5:47  Hatchery  
  52  5:48  Overlord  
  51  5:52  Drone  
  52  6:06  Drone x2  
  54  6:11  Drone  
  55  6:22  Drone  
  56  6:31  Drone x2  
  58  6:43  Drone  
  58  6:46  Drone x2  
  61  6:51  Queen  
  61  6:53  Drone x2  
  61  6:56  Roach x3  
  61  6:58  Overlord  
  71  7:00  Lair  
  71  7:16  Drone  
  71  7:17  Drone  
  73  7:29  Drone x2  
  75  7:30  Drone  
  75  7:32  Drone x3  
  75  7:36  Drone x3  
  75  7:39  Drone  
  83  7:45  Overlord  
  83  7:47  Drone  
  84  8:02  Drone x3  
  84  8:07  Overlord  
  87  8:16  Extractor  
  87  8:17  Drone  
  87  8:18  Drone  
  88  8:23  Extractor  
  87  8:35  Drone x2  
  89  8:47  Drone  
  89  8:48  Drone  
  91  8:52  Hydralisk Den  
  91  8:57  Hatchery  
  89  9:08  Evolution Chamber  
  88  9:13  Drone  
  88  9:14  Drone x11  
  88  9:16  Overlord  
  88  9:17  Overlord x2  
  88  9:18  Drone  
  101  9:24  Drone x2  
  101  9:26  Overlord x2  
  101  9:28  Drone  
  104  9:32  Zerg Melee Weapons Level 1  
  104  9:34  Glial Reconstitution  
  104  10:00  Hydralisk x2  
  104  10:01  Hydralisk x7  
  63  10:20  Drone x2  
  122  10:21  Hydralisk x3  
  122  10:29  Hydralisk x2  
  134  10:31  Hatchery, Overlord  
  133  10:45  Drone x2  
  133  10:47  Hydralisk x5  
  145  10:52  Zerg Ground Armor Level 1  
  152  11:08  Hydralisk x3  
  151  11:10  Hydralisk  
  151  11:11  Hydralisk  
  151  11:18  Extractor  
  151  11:19  Unknown  
  154  11:23  Extractor  
  154  11:28  Hydralisk  
  154  11:29  Hydralisk x2  
  159  11:30  Overlord  
  159  11:31  Overlord x2  
  159  11:52  Hatchery  
  159  11:53  Hatchery  
  159  11:58  Hatchery  
  156  12:04  Hydralisk x9  
  156  12:05  Hydralisk x2  
  156  12:07  Overlord x2  
  178  12:19  Hydralisk  
  180  12:20  Hydralisk x5  
  180  12:24  Overlord  
  180  12:25  Overlord  
  190  12:39  Hydralisk x5  
  196  14:13  Drone x4  
  196  14:15  Unknown  
  200  14:48  Hatchery  
  199  14:50  Hatchery  
  199  14:51  Hatchery  
  199  14:59  Hatchery  
  196  15:04  Drone  
  196  15:05  Drone x3  
Tags
 
Add a new tag
Caveats
  • Supply blocks, unpowered buildings, or Contaminate may cause inaccurate times.
  • Supply counts are checked every 10 seconds.